 Dungeon Crawl Stone Soup version 0.31-a0-700-gf13585253f (webtiles) character file.

Game seed: 15023375979394621125

765 qw the Skirmisher (level 7, 0/44 HPs)
             Began as a Gargoyle Hunter on Sept 7, 2023.
             Slain by Sigmund
             ... wielding a +2 scythe of flaming
              (1 damage)
             ... on level 5 of the Dungeon.
             The game lasted 00:01:23 (3605 turns).

qw the Skirmisher (Gargoyle Hunter)                 Turns: 3605, Time: 00:01:24

Health: 0/44       AC:  9    Str: 14    XL:     7   Next: 81%
Magic:  7/7        EV: 12    Int: 10    God:
Gold:   215        SH:  0    Dex: 15    Spells: 6/6 levels left

rFire   . . .        Y - +0 orcbow
rCold   . . .        (shield currently unavailable)
rNeg    + + .        c - +0 leather armour
rPois   inf          (no helmet)
rElec   +            (no cloak)
rCorr   .            n - +0 pair of gloves
SInv    .            (no boots)
Will    .....        f - amulet of faith
Stlth   ++           q - ring of positive energy
HPRegen 0.27/turn    (no ring)
MPRegen 0.10/turn

%: faith
@: no status effects
A: sickness immunity, AC +4, negative energy resistance 1, electricity
resistance, torment resistance 1, petrification resistance
a: no special abilities


You were on level 5 of the Dungeon.
You visited 1 branch of the dungeon, and saw 5 of its levels.

You collected 215 gold pieces.


Innate Abilities, Weirdness & Mutations

You are immune to sickness and miasma.
Your stone body is resilient. (AC +4)
You are immune to poison.
You resist negative energy. (rN+)
You are resistant to electric shocks. (rElec)
You are resistant to unholy torment.
You are immune to petrification.


   Skills:
 + Level 4.7 Fighting
 - Level 8.0 Ranged Weapons
 - Level 1.4 Armour
 - Level 2.3 Dodging
 - Level 1.1 Stealth


You had 6 spell levels left.
You didn't know any spells.
Your spell library was empty.

Inventory:

Hand Weapons
 Y - a +0 orcbow (weapon)
Armour
 c - a +0 leather armour (worn)
 n - a +0 pair of gloves (worn)
Jewellery
 b - a ring of fire
 e - a ring of protection from cold
 f - an amulet of faith (around neck)
 p - a ring of fire
 q - a ring of positive energy (left hand)
Scrolls
 g - a scroll of immolation {unknown}
 m - 3 scrolls of teleportation
 o - a scroll of identify
Potions
 a - a potion of heal wounds
 d - 2 potions of enlightenment
 h - a potion of curing
 i - a potion of haste {unknown}
 j - a potion of resistance {unknown}
 k - 2 potions of cancellation {unknown}
 l - a potion of degeneration {unknown}
 r - a potion of might {unknown}
 s - 2 potions of magic {unknown}

Dungeon Overview and Level Annotations

Branches:
Dungeon (5/15)
 Temple: D:4-7

Altars:
Fedhas
Sif Muna
Trog
Zin

Annotations:
D:5 Sigmund


Message History

You shoot an arrow. The arrow barely misses the worm.
You shoot an arrow.
The arrow hits the worm but does no damage.
The worm is moderately wounded.
You shoot an arrow. The arrow hits the worm!
The worm is almost dead.
You shoot an arrow. The arrow barely misses the worm.
You shoot an arrow. The arrow hits the worm.
The worm is almost dead.
You shoot an arrow. The arrow hits the worm.
You kill the worm!
There is a stone staircase leading down here.
Sigmund the Dreaded comes into view.
He is wielding a +2 scythe of flaming.
Sigmund shouts!
Sigmund barely misses you.
You shoot an arrow. The arrow closely misses Sigmund.
You shoot an arrow. The arrow hits Sigmund.
Sigmund is lightly wounded.
Sigmund gestures wildly while chanting.
Sigmund flickers and vanishes!
Deactivating autopickup; reactivate with Ctrl-A.
You shoot an arrow. Something hits you. Something burns you.
You shoot an arrow. Something hits you. Something burns you.
You shoot an arrow. Something hits you but does no damage.
You shoot an arrow. You shoot an arrow. Something hits you.
Something burns you.
You shoot an arrow. Something hits you! Something burns you.
You shoot an arrow. Something barely misses you.
You shoot an arrow. Something hits you! Something burns you.
You shoot an arrow. You shoot an arrow. Something hits you.
Something burns you.
You die...

##.#.#
... #..#
#.## #.#
#.# #.#
#.# #.#
#@#
#..{...#
#..###.#
#..#
#.?#
#...
#..# ##
#..# ..
#.


There were no monsters in sight!

Vanquished Creatures
  A water moccasin (D:4)
  A bullfrog (D:5)
  5 scorpions
  A howler monkey (D:5)
  An orc priest (D:5)
  An iguana (D:5)
  An orc wizard (D:5)
  3 gnolls (D:5)
  5 adders
  A shadow imp (D:5)
  An ufetubus (D:4)
  3 worms
  A dart slug (D:5)
  13 orcs
  4 endoplasms
  5 giant cockroaches
  5 hobgoblins
  2 jackals (D:1)
  4 quokkas
  7 bats
  2 frilled lizards (D:3)
  4 goblins
  3 kobolds (D:1)
  6 rats
80 creatures vanquished.

Notes
Turn   | Place    | Note
-------+----------+-------------------------------------------
     0 | D:1      | qw the Gargoyle Hunter began the quest for the Orb.
     0 | D:1      | Reached XP level 1. HP: 12/12 MP: 1/1
     0 | D:1      | 0 ||| qw: Version: 0.3-a-76-g4403597
     0 | D:1      | 0 ||| qw: Game counter: 469
     0 | D:1      | 0 ||| qw: Melee chars always use a shield: true
     0 | D:1      | 0 ||| qw: God list: Okawaru
     0 | D:1      | 0 ||| qw: Allow faded altars: false
     0 | D:1      | 0 ||| qw: Do Orc after clearing Dungeon:15 true
     0 | D:1      | 0 ||| qw: Do second Lair branch before Depths: true
     0 | D:1      | 0 ||| qw: Lair rune preference: random
     0 | D:1      | 0 ||| qw: Goals: Normal
     0 | D:1      | 0 ||| PLANNING D:1-11
   184 | D:1      | Reached XP level 2. HP: 14/17 MP: 2/2
   665 | D:1      | 665 ||| READING scroll labelled HISMULOZXIM.
   666 | D:1      | 666 ||| READING 2 scrolls labelled UNOEME UTWE.
   667 | D:1      | 667 ||| READING scroll labelled NETIUNG TUNUX.
   668 | D:1      | 668 ||| READING scroll labelled SUFENE XINUEM.
   669 | D:1      | 669 ||| READING scroll labelled RIWNEKAUHI.
   670 | D:1      | 670 ||| DRINKING 2 ruby potions.
   671 | D:1      | 671 ||| DROPPING scroll of butterflies.
   672 | D:1      | 672 ||| DROPPING scroll of noise.
   844 | D:2      | Reached XP level 3. HP: 21/21 MP: 3/3
   992 | D:2      | Reached skill level 5 in Ranged Weapons
  1465 | D:2      | 1465 ||| READING scroll labelled NURRYM PIOVUSI.
  1466 | D:2      | 1466 ||| READING scroll labelled NUACINKYURPH.
  1466 | D:2      | Identified a scroll of acquirement
  1466 | D:2      | 1466 ||| ACQUIRING amulet of faith
  1466 | D:2      | Acquired an amulet of faith
  1468 | D:2      | 1468 ||| UPGRADING to amulet of faith.
  1473 | D:2      | 1473 ||| DRINKING 2 coppery potions.
  1941 | D:3      | Reached skill level 3 in Fighting
  2079 | D:3      | Found a bloodstained altar of Trog.
  2081 | D:3      | Found a blossoming altar of Fedhas.
  2214 | D:3      | 2214 ||| UPGRADING to ring of positive energy.
  2215 | D:3      | 2215 ||| READING scroll labelled YPEXTUYNONT.
  2216 | D:3      | 2216 ||| READING scroll labelled JEYMOGHAGHA.
  2217 | D:3      | 2217 ||| READING scroll labelled XUMUFU PAL.
  2218 | D:3      | 2218 ||| READING 2 scrolls of identify.
  2218 | D:3      | 2218 ||| IDENTIFYING green potion
  2319 | D:4      | 2319 ||| STAIRDANCE
  2323 | D:3      | Found a shimmering blue altar of Sif Muna.
  2327 | D:3      | 2327 ||| READING scroll labelled LILUVE CUVOVYA.
  2343 | D:4      | Reached XP level 4. HP: 28/28 MP: 4/4
  2363 | D:4      | 2363 ||| SWAPPING to +0 orcbow.
  2364 | D:4      | 2364 ||| DROPPING +0 shortbow.
  2419 | D:4      | Noticed a scorpion
  2420 | D:4      | 2420 ||| RETREATING.
  2437 | D:4      | HP: 5/28 [scorpion (5)]
  2438 | D:4      | 2438 ||| DRINKING potion of heal wounds.
  2440 | D:4      | Killed a scorpion
  2441 | D:4      | Reached XP level 5. HP: 25/32 MP: 5/5
  2752 | D:4      | Noticed a water moccasin
  2763 | D:4      | Killed a water moccasin
  2764 | D:4      | Reached skill level 6 in Ranged Weapons
  2764 | D:4      | Reached XP level 6. HP: 35/37 MP: 6/6
  2861 | D:4      | Found a glowing silver altar of Zin.
  2998 | D:4      | 2998 ||| UPGRADING to +0 pair of gloves.
  3003 | D:4      | 3003 ||| READING 4 scrolls labelled UDWEFF OMUMEOV.
  3007 | D:4      | 3007 ||| READING 3 scrolls of identify.
  3007 | D:4      | 3007 ||| IDENTIFYING purple potion
  3008 | D:4      | 3008 ||| READING 2 scrolls of identify.
  3008 | D:4      | 3008 ||| IDENTIFYING metallic purple potion
  3009 | D:4      | 3009 ||| DROPPING potion of brilliance.
  3010 | D:4      | 3010 ||| DROPPING potion of invisibility.
  3018 | D:5      | Entered Level 5 of the Dungeon
  3025 | D:5      | Reached skill level 1 in Armour
  3118 | D:5      | Reached skill level 7 in Ranged Weapons
  3129 | D:5      | Reached XP level 7. HP: 34/43 MP: 7/7
  3344 | D:5      | 3344 ||| RETREATING.
  3364 | D:5      | Reached skill level 8 in Ranged Weapons
  3593 | D:5      | Noticed Sigmund
  3603 | D:5      | HP: 6/44 [something (9)]
  3605 | D:5      | HP: 1/44 [something (3)]
  3605 | D:5      | Slain by Sigmund

Levels and vault maps discovered:
D:1:      roderic_chinese_lattice_arrival, layout_rooms,
          chequers_serial_rivers_micro_b
D:2:      layout_loops_corners
D:3:      layout_loops_ring, nicolae_overflow_hidden_temple
D:4:      layout_loops_ring, zin_treasury, kennysheep_nub
D:5:      old_forge, layout_loops_ring, uniq_sigmund

Skill      XL: |  1  2  3  4  5  6  7 |
---------------+----------------------+-----
Ranged Weapons | 5 6 7 8 |  8.0
Fighting       | 3 4 |  4.7
Armour         | 1 |  1.4
Dodging        | 2 |  2.3
Stealth        | |  1.1

Action                     |  1- 3 |  4- 6 |  7- 9 || total
---------------------------+-------+-------+-------++-------
   Fire: Shortbow          |   155 |       |       ||   155
         Orcbow            |       |   116 |    65 ||   181
    Use: Scroll            |    12 |     3 |       ||    15
         Potion            |     2 |     1 |       ||     3
 Armour: Leather armour    |    65 |    47 |    35 ||   147
  Dodge: Dodged            |    70 |    39 |    19 ||   128

Table legend:
 A = Non-vault XP
 B = Vault XP
 C = Vault XP percentage of total XP
 D = Non-vault monster count
 E = Vault monster count
 F = Vault count percentage of total count
                 A         B        C        D         E       F
            +---------+---------+-------+---------+---------+-------
      Total |     704 |     389 |  35.6 |      72 |       8 |  10.0
            +---------+---------+-------+---------+---------+-------
        D:1 |      30 |       0 |   0.0 |      20 |       0 |   0.0
        D:2 |      19 |       0 |   0.0 |      11 |       0 |   0.0
        D:3 |      30 |       0 |   0.0 |       8 |       0 |   0.0
        D:4 |     269 |       0 |   0.0 |      13 |       0 |   0.0
        D:5 |     356 |     389 |  52.2 |      20 |       8 |  28.6
            +---------+---------+-------+---------+---------+-------
